 Dungeon Crawl Stone Soup version 0.31.0-2-g5a2aebc5c2 (webtiles) character file.

Game seed: 11679739598912594016

2539594 Hi5aMiFi the Conqueror (level 27, 199/199 HPs)
             Began as a Gargoyle Summoner on Jan 19, 2024.
             Was an Initiate of Ignis.
             Escaped with the Orb
             ... and 5 runes on Jan 21, 2024!
             The game lasted 10:14:01 (97092 turns).

Hi5aMiFi the Conqueror (Gargoyle Summoner)         Turns: 97092, Time: 10:14:01

Health: 199/199    AC: 68    Str: 20    XL:     27
Magic:  2/28       EV:  9    Int: 27    God:    Ignis [......]
Gold:   2421       SH: 29    Dex:  9    Spells: 23/33 levels left

rFire   + + .        A - +9 demon trident (vamp)
rCold   . . .        R - +6 tower shield
rNeg    + + +        X - +7 plate armour of Day {rElec}
rPois   ∞            n - +2 helmet
rElec   +            p - +2 cloak {Will+}
rCorr   +            a - +3 Mad Mage's Maulers {Infuse+∞ VampMP -Cast}
SInv    +            N - +2 pair of boots {rampage}
Will    ++++.        i - amulet "Ywih" {Acrobat rF+ rN+ Regen+ SInv} Stlth
                     Y - ring "Ippel" {rPois rCorr Str+4}
HPRegen 1.33/turn    H - ring "Zublytim" {Wiz ^Contam rN+ Will+ Slay+5}
MPRegen 0.21/turn

%: no spellcasting, acrobat, clarity, rampage, wizardry (x1), infuse magic (2
MP)
@: flying, hasted, very quick
A: sickness immunity, AC +20, big wings, negative energy resistance 1,
electricity resistance, torment resistance 1, petrification resistance,
iridescent scales 1, clarity, clever 1, clumsy 1, sense surroundings 1
0: Orb of Zot
}: 5/15 runes: decaying, slimy, silver, abyssal, gossamer
a: Renounce Religion


You escaped.
You worshipped Ignis.
Ignis was noncommittal.
You visited 11 branches of the dungeon, and saw 55 of its levels.
You visited the Abyss 1 time.
You visited 1 bazaar.
You also visited: Trove, Sewer and Ice Cave.

You collected 9441 gold pieces.
You spent 7020 gold pieces at shops.

Inventory:

Hand Weapons
 A - a +9 vampiric demon trident (weapon)
Missiles
 v - 15 silver javelins (quivered)
 x - 36 boomerangs
 L - 4 throwing nets
Armour
 a - the +3 Mad Mage's Maulers (worn) {Infuse+∞ VampMP -Cast}
   (You bought it in a shop in a bazaar)

   Infuse+∞: It empowers its wearer's blows with all of their magic.
   VampMP:    Blows struck in melee replenish the wearer's magic.
   -Cast:     It prevents spellcasting.
 n - a +2 helmet (worn)
 p - a +2 cloak of willpower (worn)
 N - a +2 pair of boots of rampaging (worn)
 R - a +6 tower shield (worn)
 X - the +7 plate armour of Day (worn) {rElec}
   (You found it on level 1 of the Swamp)

   rElec:     It insulates you from electricity.
Jewellery
 b - the ring of Egocs {rPois rF+ rN+ Str+4 Int-4}
   (You found it on level 3 of the Crypt)

   [ring of positive energy]

   Str+4:     It affects your strength (+4).
   Int-4:     It affects your intelligence (-4).
   rF+:       It protects you from fire.
   rPois:     It protects you from poison rN+: It protects you from negative
   energy.
 i - the amulet "Ywih" (around neck) {Acrobat rF+ rN+ Regen+ SInv}
   (You acquired it on level 6 of the Dungeon)

   [amulet of the acrobat]

   Acrobat:   It increases your evasion while moving and waiting.
   rF+:       It protects you from fire.
   rN+:       It protects you from negative energy.
   SInv:      It lets you see invisible.
   Regen+:    It increases your rate of health regeneration.
 o - the ring of Myrchot {Fly rC+ Str+6 Dex-4 SInv}
   (You found it in a treasure trove)

   [ring of strength]

   Str+6:     It affects your strength (+6).
   Dex-4:     It affects your dexterity (-4).
   rC+:       It protects you from cold.
   SInv:      It lets you see invisible.
   Fly:       It grants you flight.
 z - the ring of the Skies Above {Fire Int-5 Slay+6 SInv Stlth-}
   (You found it on level 4 of the Vaults)

   [ring of fire]

   Fire:      It enhances your fire magic.
   Int-5:     It affects your intelligence (-5).
   Slay+6:    It affects your accuracy & damage with ranged weapons and melee
   (+6).
   rF+:       It protects you from fire.
   rC-:       It makes you vulnerable to cold.
   SInv:      It lets you see invisible.
   Stlth-:    It makes you less stealthy.
 C - the ring of the Tortoise {AC+8}
   (You took it off a deep elf sorcerer on level 3 of the Elven Halls)

   [ring of protection]

   AC+8:      It affects your AC (+8).
 G - the ring "Orphaz" {rPois rN+ Will+ AC+4 Str+2}
   (You found it in a treasure trove)

   [ring of protection]

   AC+4:      It affects your AC (+4).
   Str+2:     It affects your strength (+2).
   rPois:     It protects you from poison rN+: It protects you from negative
   energy.
   Will+:     It increases your willpower.
 H - the ring "Zublytim" (right hand) {Wiz ^Contam rN+ Will+ Slay+5}
   (You acquired it on level 1 of the Spider Nest)

   [ring of wizardry]

   Wiz:       It improves your spell success rate.
   Slay+5:    It affects your accuracy & damage with ranged weapons and melee
   (+5).
   rN+:       It protects you from negative energy.
   Will+:     It increases your willpower.
   ^Contam:   It causes magical contamination when unequipped.
 I - the amulet of Haehau Jeful {Reflect rF+ rC- Will+ SH+5}
   (You found it in a treasure trove)

   [amulet of reflection]

   Reflect:   It reflects blocked missile attacks.
   rF+:       It protects you from fire.
   rC-:       It makes you vulnerable to cold.
   Will+:     It increases your willpower.
   SH+5:      It affects your SH (+5).
 O - the ring "Cauziy" {rC+ Dex+3}
   (You found it in a treasure trove)

   [ring of protection from cold]

   Dex+3:     It affects your dexterity (+3).
   rC+:       It protects you from cold.
 Y - the ring "Ippel" (left hand) {rPois rCorr Str+4}
   (You bought it in a shop on level 1 of the Elven Halls)

   [ring of poison resistance]

   Str+4:     It affects your strength (+4).
   rPois:     It protects you from poison rCorr: It protects you from acid and
   corrosion.
Wands
 e - a wand of iceblast (63)
 f - a wand of paralysis (35)
 j - a wand of digging (13)
 E - a wand of acid (15)
Scrolls
 g - 3 scrolls of vulnerability
 h - a scroll of butterflies
 m - 3 scrolls of blinking
 t - 11 scrolls of teleportation
 u - 5 scrolls of fear
 D - 3 scrolls of torment
 M - 6 scrolls of fog
 V - 2 scrolls of revelation
 W - 4 scrolls of immolation
 Z - 3 scrolls of poison
Potions
 k - 2 potions of haste
 q - 6 potions of attraction
 r - 10 potions of ambrosia
 s - 34 potions of curing
 w - 5 potions of invisibility
 F - 5 potions of magic
 J - 2 potions of might
 K - 5 potions of mutation
 P - 10 potions of heal wounds
 Q - 8 potions of enlightenment
 S - 3 potions of resistance
 T - 9 potions of lignification
 U - a potion of berserk rage
Miscellaneous
 c - a condenser vane
 d - a phantom mirror
 y - a phial of floods
 B - a sack of spiders


   Skills:
 O Level 27 Fighting
 + Level 14.3 Polearms
 * Level 16.5 Throwing
 - Level 25.0 Armour
 - Level 5.0 Dodging
 - Level 2.1 Stealth
 O Level 27 Shields
 - Level 3.8 Spellcasting
 - Level 7.0 Summonings
 - Level 5.9 Fire Magic
 - Level 15.0 Evocations


You had 23 spell levels left.
You knew the following spells:

 Your Spells              Type           Power      Damage    Failure   Level
a - Summon Small Mammal   Summ           100%       N/A       1%          1
b - Call Imp              Summ           86%        N/A       1%          2
c - Call Canine Familiar  Summ           43%        N/A       2%          3
d - Summon Blazeheart Go  Fire/Summ      40%        N/A       12%         4

Your spell library contained the following spells:

 Spells                   Type           Power      Damage    Failure   Level
 Scorch                   Fire           74%        2d8       2%          2
 Foxfire                  Conj/Fire      84%        2x1d8     4%          1
 Summon Ice Beast         Ice/Summ       24%        N/A       12%         3
 Inner Flame              Hex/Fire       21%        N/A       14%         3
 Volatile Blastmotes      Fire/Tloc      42%        2d13      14%         3
 Apportation              Tloc           10%        N/A       16%         1
 Freeze                   Ice            20%        1d4       16%         1
 Necrotise                Necr           20%        1d5       16%         1
 Sandblast                Erth           10%        2d5       16%         1
 Shock                    Conj/Air       20%        1d4       16%         1
 Slow                     Hex            20%        N/A       16%         1
 Sting                    Conj/Alch      20%        1d4       16%         1
 Blink                    Tloc           10%        N/A       24%         2
 Ensorcelled Hibernation  Hex/Ice        10%        N/A       24%         2
 Jinxbite                 Hex            10%        N/A       24%         2
 Lesser Beckoning         Tloc           10%        N/A       24%         2
 Mercury Vapours          Alch/Air       10%        N/A       24%         2
 Momentum Strike          Conj/Tloc      10%        3d8       24%         2
 Static Discharge         Conj/Air       10%        3-4/arc   24%         2
 Animate Armour           Summ/Erth      48%        N/A       34%         4
 Summon Lightning Spire   Summ/Air       24%        N/A       34%         4
 Flame Wave               Conj/Fire      21%        2d8       41%         4
 Sticky Flame             Fire/Alch      21%        2d6       41%         4
 Confusing Touch          Hex            5%         N/A       43%         3
 Gell's Gravitas          Tloc           5%         N/A       43%         3
 Hailstorm                Conj/Ice       5%         3d5       43%         3
 Mephitic Cloud           Conj/Alch/Air  5%         N/A       43%         3
 Ozocubu's Armour         Ice            5%         N/A       43%         3
 Passwall                 Erth           5%         N/A       43%         3
 Sigil of Binding         Hex            5%         N/A       43%         3
 Stone Arrow              Conj/Erth      10%        3d7       43%         3
 Swiftness                Air            5%         N/A       43%         3
 Vampiric Draining        Necr           5%         2d6       43%         3
 Summon Forest            Summ/Tloc      12%        N/A       69%         5
 Summon Mana Viper        Hex/Summ       24%        N/A       69%         5
 Fireball                 Conj/Fire      10%        3d6       75%         5
 Summon Cactus Giant      Summ           21%        N/A       77%         6
 Airstrike                Air            2%         2d(1-17)  82%         4
 Anguish                  Hex/Necr       2%         N/A       82%         4
 Animate Dead             Necr           5%         N/A       82%         4
 Brom's Barrelling Bould  Conj/Erth      5%         2d3       82%         4
 Dimensional Bullseye     Hex/Tloc       2%         N/A       82%         4
 Dispel Undead            Necr           5%         3d7       82%         4
 Fulminant Prism          Conj/Alch      2%         3d5       82%         4
 Iskenderun's Mystic Bla  Conj/Tloc      5%         2d3       82%         4
 Leda's Liquefaction      Alch/Erth      2%         N/A       82%         4
 Manifold Assault         Tloc           5%         N/A       82%         4
 Olgreb's Toxic Radiance  Alch           5%         N/A       82%         4
 Passage of Golubria      Tloc           5%         N/A       82%         4
 Petrify                  Alch/Erth      5%         N/A       82%         4
 Vhi's Electric Charge    Tloc/Air       10%        N/A       82%         4
 Alistair's Intoxication  Alch           3%         N/A       98%         5
 Arcjolt                  Conj/Air       2%         1d12      98%         5
 Borgnjor's Vile Clutch   Necr/Erth      2%         N/A       98%         5
 Curse of Agony           Necr           5%         N/A       98%         5
 Irradiate                Conj/Alch      2%         3d12      98%         5
 Iskenderun's Battlesphe  Conj           5%         2d6       98%         5
 Metabolic Englaciation   Hex/Ice        2%         N/A       98%         5
 Silence                  Hex/Air        2%         N/A       98%         5
 Yara's Violent Unravell  Hex/Alch       2%         3d3       98%         5
 Plasma Beam              Fire/Air       10%        2x1d21    99%         6
 Starburst                Conj/Fire      10%        6d5       99%         6
 Monstrous Menagerie      Summ           21%        N/A       99%         7
 Summon Hydra             Summ           21%        N/A       99%         7
 Bombard                  Conj/Erth      2%         9d1       100%        6
 Conjure Ball Lightning   Conj/Air       2%         3x3d6     100%        6
 Death Channel            Necr           2%         N/A       100%        6
 Eringya's Noxious Bog    Alch           2%         4d6       100%        6
 Sculpt Simulacrum        Ice/Alch       2%         N/A       100%        6
 Enfeeble                 Hex            2%         N/A       100%        7
 Haunt                    Necr/Summ      12%        N/A       100%        7
 Malign Gateway           Summ/Tloc      12%        N/A       100%        7
 Orb of Destruction       Conj           2%         9d5       100%        7
 Spellforged Servitor     Conj/Summ      12%        N/A       100%        7
 Borgnjor's Revivificati  Necr           2%         N/A       100%        8
 Discord                  Hex            2%         N/A       100%        8
 Disjunction              Tloc           2%         N/A       100%        8
 Infestation              Necr           2%         N/A       100%        8
 Lehudib's Crystal Spear  Conj/Erth      2%         10d2      100%        8
 Death's Door             Necr           2%         N/A       100%        9
 Shatter                  Erth           2%         3d6*      100%        9
 Sublimation of Blood     Necr           Unusable   N/A       N/A         2

Dungeon Overview and Level Annotations

Branches:
Dungeon (15/15)            Temple (0/1) D:5            Lair (5/5) D:8
  Swamp (4/4) Lair:3       Spider (4/4) Lair:3        Slime (5/5) Lair:5
    Orc (2/2) D:11            Elf (3/3) Orc:2        Vaults (5/5) D:14
  Crypt (3/3) Vaults:3       Tomb (0/3) Crypt:3      Depths (4/4) D:15
    Zot (5/5) Depths:4      Sewer (visited)           IceCv (visited)

Altars:
Ashenzari
Cheibriados
Dithmenos
Elyvilon
Fedhas
Gozag
Nemelex Xobeh
Okawaru
Qazlal
Ru
Sif Muna
Trog
Uskayaw
Vehumet
Ignis
Jiyva

Shops:
D:5 !   D:11 (   D:12 (   D:13 [   Orc:1 *[!   Orc:2 ((((   Elf:1 :=:=
Depths:3 (!:   Depths:4 *?[

Portals:
Hell: Depths:1 Depths:2 Depths:3 Depths:4
Abyss: Depths:1 Depths:2 Depths:3
Pandemonium: Depths:2 Depths:3
Ziggurat: Depths:2

Annotations:
Vaults:4 6 runed translucent doors
Zot:1 2 transporters, Jofris Vesimp's ghost, legendary GnFE


Innate Abilities, Weirdness & Mutations

You are immune to sickness and miasma.
Your stone body is resilient. (AC +20)
You are immune to poison.
Your large and strong wings let you fly.
You resist negative energy. (rN+)
You are resistant to electric shocks. (rElec)
You are resistant to unholy torment.
You are immune to petrification.
You are partially covered in iridescent scales. (AC +2)
You possess an exceptional clarity of mind.
Your mind is acute. (Int +4, Str/Dex -1)
You are clumsy. (Dex -2)
You passively map a small area around you.


Message History

The chaos spawn is heavily wounded.
You reach to attack!
* * * LOW MAGIC WARNING * * *
You puncture the chaos spawn!
The chaos spawn is almost dead.
* * * LOW MAGIC WARNING * * *
You impale the chaos spawn!!
You kill the chaos spawn!
The chaos spawn degenerates into a cloud of primal chaos!
Aiming: Dig
Press: ? - help, Shift-Dir - straight line A rock wall.
This square is covered in magical glow.
The rock shatters into small pieces.
There is an open door here.
Blink to where?
Press: ? - help, Dir - move target
Okay, then.
Unknown command.
Blink to where?
Press: ? - help, Dir - move target
As you read the scroll of blinking, it crumbles to dust.
The minotaur bellows!
Blink to where?
Press: ? - help, Dir - move target
As you read the scroll of blinking, it crumbles to dust.
The barachi shouts!
The elf shouts!
Blink to where?
Press: ? - help, Dir - move target
As you read the scroll of blinking, it crumbles to dust.
The oni shouts!
Blink to where?
Press: ? - help, Dir - move target
As you read the scroll of blinking, it crumbles to dust.
The gnoll shouts!
Blink to where?
Press: ? - help, Dir - move target
As you read the scroll of blinking, it crumbles to dust.
You can't go down here!
You have escaped!

###.###
#.#.#
#o#.#i#
#.#.#######
###.###
#.#........
#Q#.#K#
#.#########
###.###
#..........
#g#.#M#
#.#########
###§### #.#
#...# ###
#.@.# #####


There were no monsters in sight!

Vanquished Creatures
  Dissolution (Slime:3)
  the Royal Jelly (Slime:5)
  6 dread liches
  Tiamat (Zot:2)
  3 ancient liches
  9 orbs of fire
  Mara (Vaults:3)
  The ghost of Vatovie the Slayer, a veteran MiFi of Makhleb (Vaults:4)
  Sojobo (Depths:1)
  Josephina (Depths:3)
  Bai Suzhen (Crypt:3)
  Vv (Zot:2)
  Boris (thrice) (Vaults:1 Crypt:3 Depths:2)
  6 Killer Klowns
  2 curse toes
  Saint Roka (Orc:2)
  Nikola (Spider:3)
  A bone dragon (Depths:4)
  10 golden dragons
  Norris (Vaults:3)
  Arachne (Spider:3)
  2 Tzitzimimeh
  2 electric golems
  A hellephant (Abyss:3)
  Jorgrun (Elf:1)
  Mlioglotl (Spider:2)
  14 tentacled monstrosities
  A walking crystal tome (Depths:2)
  An Ice Fiend (Zot:1)
  2 deep elf master archers (Elf:3)
  8 liches
  3 titans
  Asterion (Depths:1)
  28 Orb Guardians
  A walking divine tome (Depths:3)
  3 deep elf blademasters
  An Executioner (Depths:4)
  12 acid blobs
  11 death cobs
  3 thorn hunters (Swamp:4)
  9 ancient champions
  6 quicksilver dragons
  7 sphinxes
  26 storm dragons
  11 tengu reavers
  Aizul (Vaults:1)
  13 shadow dragons
  Roxanne (Swamp:3)
  3 revenants (Crypt:3)
  2 draconian monks (Zot:5)
  11 rockslimes
  7 fire giants
  A protean progenitor (Zot:4)
  13 azure jellies
  4 draconian knights
  23 vault wardens
  3 emperor scorpions
  A demonspawn warmonger (Depths:4)
  7 deep elf sorcerers
  3 draconian scorchers
  3 iron dragons
  7 draconian shifters
  7 frost giants
  An angel (Zot:3)
  A balrug (Depths:1)
  2 draconian stormcallers
  6 ghost moths
  Louise (D:14)
  4 orc warlords
  12 very ugly things
  A cacodemon (Depths:3)
  4 curse skulls
  5 quicksilver oozes
  A reaper (Depths:3)
  10 draconian annihilators
  14 ghouls
  11 ironbound preservers
  6 broodmothers (Spider:4)
  8 deep elf demonologists
  9 deep elf death magi
  4 formless jellyfish
  5 eleionomae
  15 stone giants
  13 green draconians
  A rockslime zombie (Crypt:1)
  Nessos (Lair:3)
  4 ironbound thunderhulks
  10 black draconians
  7 vampire knights
  15 dire elephants
  2 bunyips (Swamp:3)
  13 yellow draconians
  3 war gargoyles (Vaults:2)
  9 purple draconians
  4 spark wasps
  Azrael (Spider:2)
  12 deep elf annihilators
  15 red draconians
  13 white draconians
  Snorg (Orc:2)
  A blizzard demon (Abyss:3)
  4 shambling mangroves
  9 ettins
  3 fire dragons
  5 eidola
  A crystal guardian (Zot:3)
  10 entropy weavers
  10 yaktaur captains
  5 deep elf high priests
  10 jiangshi
  2 spriggan zombies
  31 vault guards
  3 rakshasas
  8 great orbs of eyes
  11 ice dragons
  A radroach (Spider:1)
  A jorogumo (Spider:3)
  2 peacekeepers (Vaults:2)
  3 spriggan air magi
  3 catoblepae
  A caustic shrike simulacrum (Crypt:2)
  18 hydras
  A sphinx zombie (Depths:3)
  3 ghost crabs
  9 ironbound frosthearts
  A death knight (Crypt:1)
  4 centaur warriors
  9 alligators
  5 two-headed ogres
  6 deep troll shamans
  3 tengu warriors
  25 dancing weapons
  2 ogre magi
  8 boulder beetles
  8 death yaks
  9 deep troll earth magi
  6 demonic crawlers
  2 thrashing horrors (Abyss:3)
  2 sphinx skeletons
  A bennu skeleton (Crypt:3)
  A shock serpent (shapeshifter) (Depths:2)
  3 occultists
  3 soul eaters
  4 sun demons
  3 spriggan berserkers
  22 deep elf knights
  3 hell knights
  7 vampire magi
  6 orc high priests (Orc:2)
  A storm dragon zombie (Depths:3)
  4 skysharks (Vaults:3)
  3 pharaoh ants
  5 shadow wraiths
  A spatial maelstrom (Abyss:3)
  A titan skeleton (Vaults:3)
  5 iron trolls
  28 skeletal warriors
  2 goliath frogs
  5 spriggan druids
  2 deep trolls (shapeshifter) (Vaults:5)
  A death drake (Swamp:2)
  A quicksilver dragon simulacrum (Depths:3)
  A golden dragon zombie (Depths:3)
  41 deep trolls
  10 deep elf archers
  11 swamp dragons
  A tengu zombie (Depths:3)
  3 glowing orange brains
  6 flayed ghosts
  5 arcanists
  9 orb spiders
  7 ironbound convokers
  A sun moth (Spider:3)
  2 lindwurms (Lair:5)
  A shadow dragon zombie (Crypt:3)
  11 phantasmal warriors
  14 orc knights
  2 shadow demons
  A swamp dragon (shapeshifter) (Elf:1)
  12 bog bodies
  6 necromancers
  6 steelbarb worms
  2 fauns (shapeshifter)
  A fire giant zombie (Depths:3)
  A shining eye (shapeshifter) (Vaults:5)
  2 tengu skeletons (Depths:3)
  An anaconda skeleton (Crypt:3)
  A steelbarb worm (shapeshifter) (Vaults:5)
  4 shining eyes
  21 deep elf zephyrmancers
  2 large abominations
  A wolf spider (shapeshifter) (Elf:1)
  5 oklob plants
  2 orc sorcerers (Orc:2)
  2 harpies (shapeshifter) (Elf:1)
  20 wolf spiders
  A manticore (shapeshifter) (Vaults:5)
  25 deep elf pyromancers
  4 manticores
  35 ugly things
  A toenail golem (D:3)
  A human zombie (Vaults:5)
  5 cyclopes
  8 will-o-the-wisps
  A salamander (Depths:3)
  A goliath frog skeleton (Crypt:2)
  A meliai (Spider:4)
  13 elephants
  24 moths of wrath
  6 kobold blastminers
  An elephant (shapeshifter) (Zot:4)
  A water nymph (shapeshifter) (Vaults:5)
  A frost giant skeleton (Vaults:3)
  2 iron dragon skeletons (Depths:3)
  3 stone giant skeletons (Vaults:3)
  6 black mambas
  A black mamba (shapeshifter) (Elf:1)
  16 vault sentinels
  2 smoke demons
  3 eyes of devastation
  2 molten gargoyles (Lair:3)
  8 torpor snails
  8 spectral spriggans (Swamp:1)
  A gargoyle (D:13)
  2 unseen horrors
  A white draconian zombie (Crypt:1)
  An efreet (D:15)
  An unseen horror (shapeshifter) (D:14)
  An unseen horror zombie (Crypt:1)
  18 cane toads
  A komodo dragon (shapeshifter) (Elf:1)
  An alligator snapping turtle skeleton (Crypt:2)
  6 rime drakes
  2 tengu conjurers
  5 freezing wraiths
  7 komodo dragons
  45 yaktaurs
  5 guardian mummies (Crypt:3)
  2 ancient zymes (Abyss:3)
  An unseen horror skeleton (Crypt:1)
  A yaktaur skeleton (Vaults:3)
  2 human skeletons
  A shadow dragon simulacrum (Depths:3)
  A polar bear (Lair:2)
  A hydra zombie (Swamp:2)
  3 starcursed masses (Abyss:3)
  A merfolk (shapeshifter) (Vaults:5)
  A sea snake skeleton (Crypt:3)
  2 trolls (shapeshifter)
  7 trolls
  A golden dragon simulacrum (Depths:3)
  15 hornets
  2 bloated husks (Swamp:1)
  25 tarantellas
  The ghost of turdburglar the Insei, an amateur DsSh of Ru (D:3)
  A glass eye (Slime:5)
  7 tyrant leeches
  A raiju (Abyss:3)
  8 dream sheep
  A merfolk zombie (Crypt:2)
  11 blink frogs
  An iron dragon simulacrum (Depths:3)
  2 harpy skeletons
  A guardian serpent zombie (Crypt:2)
  A black mamba zombie (Crypt:2)
  34 jumping spiders
  A jumping spider (shapeshifter) (Elf:1)
  2 ynoxinuls
  An air elemental (Abyss:1)
  A centaur simulacrum (Crypt:2)
  100 slime creatures
  A vampire (D:12)
  An ettin skeleton (Vaults:3)
  14 spriggans
  A tyrant leech zombie (Crypt:1)
  5 wraiths
  7 wyverns
  23 culicivoras
  6 fire elementals
  11 water elementals
  2 small abominations
  A fire bat (Lair:3)
  A warg (shapeshifter) (D:14)
  46 yaks
  2 elf skeletons
  5 basilisks
  Grum (D:9)
  5 golden eyes (Slime:4)
  A human (shapeshifter) (Elf:1)
  18 vampire mosquitoes
  2 wargs (Orc:1)
  12 steam dragons
  12 swamp worms
  2 chaos spawn
  61 redbacks
  An acid dragon (shapeshifter) (D:15)
  A glowing shapeshifter zombie (Depths:3)
  7 water moccasins
  A water nymph skeleton (Crypt:1)
  An acid dragon (D:14)
  A glowing shapeshifter skeleton (Vaults:3)
  3 hell hounds (Spider:2)
  A merfolk skeleton (Crypt:3)
  An ice beast (shapeshifter) (D:14)
  A snapping turtle zombie (Crypt:2)
  2 ice beasts
  12 swamp drakes
  45 orc warriors
  A sky beast (D:6)
  13 laughing skulls
  2 black bears
  An ogre (shapeshifter) (D:15)
  3 boggarts (D:15)
  A blink frog skeleton (Crypt:3)
  9 ogres
  9 wolves
  A swamp dragon skeleton (Crypt:1)
  4 centaurs
  A kobold brigand (D:7)
  An earth elemental (Elf:3)
  9 bullfrogs
  2 gnoll sergeants
  4 necrophages
  2 glowing shapeshifter simulacra (Depths:3)
  A draconian skeleton (Crypt:2)
  16 wights
  10 killer bees
  A warg skeleton (Crypt:2)
  A troll skeleton (Crypt:2)
  6 howler monkeys
  5 lava snakes (Lair:3)
  2 quasits
  34 orc priests
  A hound (D:4)
  16 orc wizards
  A polar bear simulacrum (Lair:1)
  6 hell rats
  A boggart zombie (Crypt:3)
  A wolf simulacrum (Lair:1)
  A naga zombie (Crypt:1)
  An ogre skeleton (Crypt:2)
  7 mummies (Crypt:3)
  6 gnolls
  A swamp drake zombie (Crypt:1)
  4 adders
  2 river rats (Sewer)
  2 shadow imps (D:6)
  2 white imps
  4 ufetubi
  An iguana zombie (Crypt:1)
  An iguana skeleton (Crypt:1)
  A ribbon worm (shapeshifter) (D:14)
  70 orcs
  3 ball pythons (Sewer)
  2 bats (D:2)
  A goblin (D:3)
  A kobold (D:7)
  A quokka (D:5)
  A kobold skeleton (Crypt:2)
  A kobold zombie (Crypt:2)
  3 rats
  A lurking horror (Abyss:3)
2250 creatures vanquished.

Vanquished Creatures (collateral kills)
  A frost giant (D:14)
  A vault warden (Vaults:4)
  A cacodemon (Abyss:3)
  A wretched star (Abyss:3)
  An orange demon (Abyss:3)
  A yaktaur (Vaults:4)
  Jeremiah (D:6)
  A hydra zombie (Swamp:2)
  2 raiju (Abyss:3)
  Sigmund (D:2)
  A water moccasin (D:8)
  2 orc warriors (D:7)
  2 black bears
  An ice beast (D:8)
  2 ogres (D:6)
  A centaur (D:8)
  2 bullfrogs
  A gnoll sergeant (D:5)
  2 scorpions
  8 wights
  A howler monkey (D:4)
  A jelly (D:6)
  4 orc priests
  2 hounds
  A gnoll bouda (D:5)
  3 sleepcaps
  Terence (D:2)
  Natasha (thrice) (D:2)
  3 iguanas (D:5)
  6 orc wizards
  Robin (D:3)
  6 adders
  12 gnolls
  2 river rats (Sewer)
  2 shadow imps
  2 white imps
  3 ufetubi
  3 dart slugs
  5 ribbon worms
  21 orcs
  10 endoplasms
  4 giant cockroaches
  12 goblins
  4 hobgoblins
  4 jackals (D:3)
  7 quokkas
  13 ball pythons
  3 bats
  2 frilled lizards
  11 kobolds
  20 rats
205 creatures vanquished.

Vanquished Creatures (others)
  A boulder beetle (Vaults:1)
  A pharaoh ant (Spider:2)
  An orb spider (Spider:3)
  A deep elf archer (Elf:2)
  2 deep elf zephyrmancers
  2 bloated husks (Swamp:1)
  An orc wizard (D:8)
  2 orcs
  16 blazeheart cores
  67 foxfires
94 creatures vanquished.

Grand Total: 2549 creatures vanquished

Notes
Turn   | Place    | Note
-------+----------+-------------------------------------------
     0 | D:1      | Hi5aMiFi the Gargoyle Summoner began the quest for the Orb.
     0 | D:1      | Reached XP level 1. HP: 10/10 MP: 3/3
     4 | D:1      | Noticed a tengu
     6 | D:1      | Noticed a spriggan
     8 | D:1      | Noticed an oni
     8 | D:1      | Noticed a felid
    10 | D:1      | Noticed a formicid
    10 | D:1      | Noticed a demigod
    12 | D:1      | Noticed a naga
    12 | D:1      | Noticed a djinni
    14 | D:1      | Noticed a vampire
    14 | D:1      | Noticed an elf
    16 | D:1      | Noticed a barachi
    16 | D:1      | Noticed a troll
    18 | D:1      | Noticed a ghoul
    18 | D:1      | Noticed a human
    20 | D:1      | Noticed an armataur
    20 | D:1      | Noticed an octopode
    22 | D:1      | Noticed a minotaur
    22 | D:1      | Noticed a vine stalker
    24 | D:1      | Noticed a gargoyle
    24 | D:1      | Noticed a draconian
    26 | D:1      | Noticed a demonspawn
    26 | D:1      | Noticed a merfolk
   268 | D:1      | Reached XP level 2. HP: 15/15 MP: 0/5
   350 | D:1      | Learned a level 2 spell: Call Imp
  1416 | D:2      | Noticed Terence
  1630 | D:2      | Reached XP level 3. HP: 19/19 MP: 2/6
  1670 | D:2      | Noticed Natasha
  1690 | D:2      | Found a hide-covered altar of Uskayaw.
  1867 | D:2      | Learned a level 3 spell: Call Canine Familiar
  1967 | D:2      | Noticed Sigmund
  2097 | D:3      | Found a faded altar of an unknown god.
  2110 | D:3      | Prayed at the altar of an unknown god.
  2110 | D:3      | Became a worshipper of Ignis, the Dying Flame
  2143 | D:3      | Found a runed translucent door.
  2155 | D:3      | Noticed turdburglar's ghost (amateur DsSh)
  2406 | D:3      | Reached XP level 4. HP: 24/24 MP: 1/8
  2430 | D:3      | Noticed Robin
  2471 | D:3      | Killed Robin
  2981 | D:4      | Noticed a black bear
  3002 | D:4      | Killed a black bear
  3003 | D:4      | Reached skill level 5 in Summonings
  3003 | D:4      | Reached XP level 5. HP: 28/28 MP: 1/9
  3278 | D:4      | Reached skill level 1 in Fire Magic
  3278 | D:4      | Reached XP level 6. HP: 32/32 MP: 5/10
  3338 | D:4      | Found a snail-covered altar of Cheibriados.
  4026 | D:4      | Identified the ring of the Dull Tangerine {Fire rElec
                  | Stlth+}
  4190 | D:4      | Reached skill level 1 in Fighting
  4554 | D:5      | Entered Level 5 of the Dungeon
  4607 | D:5      | Reached XP level 7. HP: 39/39 MP: 5/11
  4762 | D:5      | Found a staircase to the Ecumenical Temple.
  4939 | D:5      | Found a glowing drain.
  4943 | Sewer    | Entered a sewer
  5406 | Sewer    | Reached skill level 1 in Polearms
  5752 | D:5      | Found Narch's Distillery.
  5760 | D:5      | Bought a potion of brilliance for 60 gold pieces
  5772 | D:5      | Reached XP level 8. HP: 45/45 MP: 10/12
  7114 | D:2      | Killed Natasha
  7190 | D:2      | Reached skill level 1 in Armour
  7306 | D:2      | Killed Terence
  7311 | D:2      | Reached skill level 5 in Fire Magic
  7316 | D:2      | Noticed Natasha
  7325 | D:2      | Killed Natasha
  7354 | D:2      | Killed Sigmund
  7362 | D:2      | Noticed Natasha
  7421 | D:2      | Killed Natasha
  7692 | D:5      | Bought a potion of heal wounds for 75 gold pieces
  7773 | D:6      | Found a broken altar of Ashenzari.
  8014 | D:6      | Noticed Jeremiah
  8065 | D:6      | Killed Jeremiah
  8305 | D:6      | Reached XP level 9. HP: 52/52 MP: 11/14
  8659 | D:6      | Found Qyfuas's Distillery.
  9074 | D:6      | Learned a level 4 spell: Summon Blazeheart Golem
  9076 | D:6      | Identified a scroll of acquirement
  9077 | D:6      | Acquired the amulet "Ywih" {Acrobat rF+ rN+ Regen+ SInv}
  9203 | D:7      | Reached skill level 1 in Shields
  9301 | D:7      | Found a bloodstained altar of Trog.
  9796 | D:7      | Found a white marble altar of Elyvilon.
 10070 | D:7      | Reached skill level 5 in Fighting
 10349 | D:7      | Found a stormy altar of Qazlal.
 10666 | D:8      | Reached skill level 5 in Armour
 10803 | D:8      | Found a sacrificial altar of Ru.
 10935 | D:8      | Found a staircase to the Lair.
 11032 | D:8      | Noticed a hornet
 11043 | D:8      | Killed a hornet
 11044 | D:8      | Reached XP level 10. HP: 40/59 MP: 9/15
 11048 | D:8      | Reached skill level 5 in Polearms
 11180 | D:8      | Reached skill level 5 in Shields
 11247 | D:8      | Found a stormy altar of Qazlal.
 11247 | D:8      | Found a snail-covered altar of Cheibriados.
 11522 | D:8      | Noticed a centaur warrior
 11539 | D:8      | Killed a centaur warrior
 11667 | D:8      | Found an opulent altar of Gozag.
 11671 | D:8      | Found a sacrificial altar of Ru.
 11671 | D:8      | Found a shimmering blue altar of Sif Muna.
 11671 | D:8      | Found a bloodstained altar of Trog.
 12271 | D:3      | Killed turdburglar's ghost
 12686 | Lair:1   | Entered Level 1 of the Lair of Beasts
 12714 | Lair:1   | Found a frozen archway.
 12754 | IceCv    | Entered an ice cave
 12754 | IceCv    | Noticed a white ugly thing
 13093 | Lair:1   | Noticed a cane toad
 13103 | Lair:1   | Killed a cane toad
 13326 | D:5      | Bought a potion of invisibility for 120 gold pieces
 13393 | D:6      | Bought 2 potions of might for 120 gold pieces
 13393 | D:6      | Bought a potion of might for 60 gold pieces
 13496 | Lair:1   | Reached XP level 11. HP: 48/64 MP: 16/16
 13511 | Lair:1   | Found a transporter.
 13725 | Lair:1   | Found a transporter.
 13798 | Lair:1   | Noticed a swamp dragon
 14571 | Lair:2   | Noticed an eight-headed hydra
 14579 | Lair:2   | Killed an eight-headed hydra
 14770 | Lair:3   | Noticed Nessos
 14787 | Lair:3   | Killed Nessos
 14826 | Lair:3   | Found a staircase to the Swamp.
 15117 | Lair:3   | Reached XP level 12. HP: 75/75 MP: 17/17
 15234 | Lair:3   | Found the +1 robe of Vines {NoPotionHeal Regen++++}
 15240 | Lair:3   | Noticed an eight-headed hydra
 15258 | Lair:3   | Killed an eight-headed hydra
 15259 | Lair:3   | Reached skill level 10 in Polearms
 15360 | Lair:3   | Found a hole to the Spider Nest.
 15517 | Lair:3   | Noticed an eight-headed hydra
 15604 | Lair:3   | Identified the +0 leather armour of Imperfection {Int+2}
 16047 | Lair:4   | Reached skill level 10 in Fighting
 16221 | Lair:4   | Reached skill level 10 in Armour
 17057 | Lair:4   | Reached skill level 1 in Throwing
 17203 | Lair:4   | Reached XP level 13. HP: 84/84 MP: 18/18
 17345 | Lair:5   | Entered Level 5 of the Lair of Beasts
 18212 | Lair:5   | Found a viscous altar of Jiyva.
 19078 | Lair:5   | Noticed a dire elephant
 19126 | Lair:5   | Killed a dire elephant
 19134 | Lair:5   | Gained mutation: Your large and strong wings let you fly.
                  | [Gargoyle growth]
 19134 | Lair:5   | Reached XP level 14. HP: 96/96 MP: 19/19
 19288 | Lair:5   | Reached skill level 15 in Fighting
 19969 | Lair:1   | Reached skill level 1 in Evocations
 20045 | D:9      | Noticed Grum
 20045 | D:9      | Found a radiant altar of Vehumet.
 20308 | D:9      | Found a shimmering blue altar of Sif Muna.
 20478 | D:6      | Bought a potion of haste for 150 gold pieces
 20478 | D:6      | Bought a potion of haste for 150 gold pieces
 20478 | D:6      | Bought 2 potions of haste for 300 gold pieces
 20478 | D:6      | Bought a potion of curing for 45 gold pieces
 20490 | D:6      | Bought a potion of berserk rage for 75 gold pieces
 20490 | D:6      | Bought a potion of attraction for 45 gold pieces
 20490 | D:6      | Bought a potion of mutation for 120 gold pieces
 20565 | D:9      | Killed Grum
 20680 | D:9      | Found a blossoming altar of Fedhas.
 20905 | D:10     | Entered Level 10 of the Dungeon
 21967 | D:11     | Found Kumutoxu's Weapon Emporium.
 21978 | D:11     | Found a staircase to the Orcish Mines.
 22751 | D:12     | Found Gag Vusk's Weapon Shoppe.
 23885 | D:13     | Found a portal to a secret trove of treasure.
 23962 | D:13     | Found Cokk's Antique Armour Shop.
 24307 | D:13     | Reached XP level 15. HP: 100/105 MP: 20/20
 24809 | D:14     | Reached skill level 5 in Throwing
 24926 | D:14     | Found a gate to the Vaults.
 24972 | D:14     | Identified the amulet of Gatt {Faith rCorr}
 25029 | D:14     | Got the Papyrus of Fulmination
 25138 | D:14     | Noticed an orc warlord
 25157 | D:14     | Killed an orc warlord
 25458 | D:14     | Noticed Louise
 25481 | D:14     | Killed Louise
 25712 | D:14     | Noticed a frost giant
 25724 | D:14     | Killed a frost giant
 25979 | D:14     | Got Ynym's Vellum of Spelunking
 26010 | D:14     | Found the +13 scythe of Curses {drain, curses, ^Drain}
 26056 | D:14     | Identified the +5 short sword of the Volcano {holy, Int+4
                  | Dex+4}
 26120 | D:14     | Noticed a fire giant
 26873 | Lair:5   | Found a staircase to the Slime Pits.
 27165 | Orc:1    | Entered Level 1 of the Orcish Mines
 27261 | Orc:1    | Found Lixkied's Distillery.
 27290 | Orc:1    | Found Nuoheypn's Armour Shop.
 27392 | Orc:2    | Entered Level 2 of the Orcish Mines
 27717 | Orc:1    | Found Kacu's Assorted Antiques.
 27853 | Orc:2    | Found a staircase to the Elven Halls.
 27855 | Orc:2    | Noticed Snorg
 27869 | Orc:2    | Killed Snorg
 28128 | Orc:2    | Noticed Saint Roka
 28656 | Orc:2    | Reached skill level 10 in Shields
 28869 | Orc:2    | Found Vuguurino's Weapon Shoppe.
 28872 | Orc:2    | Found Bellosuw's Antique Weapon Shoppe.
 28874 | Orc:2    | Found Tiem's Weapon Emporium.
 28875 | Orc:2    | Found Piaphot's Weapon Shoppe.
 29134 | Spider:1 | Entered Level 1 of the Spider Nest
 29163 | Spider:1 | Reached XP level 16. HP: 112/112 MP: 21/21
 29432 | Orc:2    | Killed Saint Roka
 30070 | Orc:1    | Bought a scroll of fear for 120 gold pieces
 30070 | Orc:1    | Bought a potion of might for 120 gold pieces
 30070 | Orc:1    | Bought a sapphire ring for 150 gold pieces
 30124 | Orc:1    | Bought a +2 helmet for 297 gold pieces
 30150 | Orc:1    | Bought a potion of heal wounds for 75 gold pieces
 30150 | Orc:1    | Bought a potion of heal wounds for 75 gold pieces
 30150 | Orc:1    | Bought a potion of haste for 150 gold pieces
 30150 | Orc:1    | Bought a potion of heal wounds for 75 gold pieces
 30150 | Orc:1    | Bought a potion of heal wounds for 75 gold pieces
 30235 | D:13     | Bought a glowing chain mail for 217 gold pieces
 30235 | D:13     | Bought a runed chain mail for 217 gold pieces
 31876 | Spider:1 | Acquired the ring "Zublytim" {Wiz ^Contam rN+ Will+ Slay+5}
 32235 | Spider:1 | Reached skill level 15 in Shields
 32402 | Spider:2 | Noticed Azrael
 32543 | Spider:2 | Killed Azrael
 32602 | Spider:2 | Noticed Mlioglotl
 32699 | Spider:2 | Killed Mlioglotl
 32987 | Spider:2 | Identified the +11 mace "Mizubab" {protect, Dex+4}
 33296 | Orc:1    | Bought a scroll of teleportation for 90 gold pieces
 33490 | Swamp:1  | Entered Level 1 of the Swamp
 33504 | Swamp:1  | Reached XP level 17. HP: 116/117 MP: 22/22
 34370 | Swamp:1  | Identified the +7 plate armour of Day {rElec}
 36011 | Swamp:2  | Got the Catalogue of Reanimation Made Easy
 36625 | Swamp:3  | Noticed Roxanne
 37189 | Swamp:4  | Entered Level 4 of the Swamp
 37200 | Swamp:4  | Reached XP level 18. HP: 129/129 MP: 23/23
 37492 | Swamp:4  | Identified the +1 falchion of Purpose {speed, ^Contam Will+
                  | SInv Stlth+}
 38415 | Swamp:4  | Got a decaying rune of Zot
 38598 | Swamp:3  | Killed Roxanne
 39235 | Spider:3 | Noticed Nikola
 39257 | Spider:3 | Killed Nikola
 39324 | Spider:3 | Noticed Arachne
 39356 | Spider:3 | Killed Arachne
 40107 | Spider:4 | Entered Level 4 of the Spider Nest
 40247 | Spider:4 | Reached skill level 15 in Armour
 41144 | Spider:4 | Reached XP level 19. HP: 104/135 MP: 24/24
 41369 | Spider:4 | Got a gossamer rune of Zot
 41667 | D:15     | Entered Level 15 of the Dungeon
 41834 | D:15     | Found a transporter.
 42145 | D:15     | Found a transporter.
 42157 | D:15     | Found a transporter.
 42166 | D:15     | Found a transporter.
 42385 | D:15     | Found a staircase to the Depths.
 42597 | Vaults:1 | Entered Level 1 of the Vaults
 42913 | D:5      | Bought a potion of curing for 45 gold pieces
 42913 | D:5      | Bought a potion of curing for 45 gold pieces
 42913 | D:5      | Bought a potion of curing for 45 gold pieces
 42913 | D:5      | Bought 2 potions of curing for 90 gold pieces
 42913 | D:5      | Bought 2 potions of berserk rage for 150 gold pieces
 43071 | Orc:1    | Bought a potion of haste for 300 gold pieces
 43481 | Vaults:1 | Reached skill level 5 in Dodging
 43890 | Vaults:1 | Identified the +0 leather armour "Racliolu" {rF+++ Str-3
                  | Int+8 Dex-5}
 44233 | Vaults:1 | Identified the serpent talisman "Ixteg" {rN+ Dex+3}
 44233 | Vaults:1 | Noticed Aizul
 44269 | Vaults:1 | Killed Aizul
 44351 | Vaults:1 | Noticed Boris
 44367 | Vaults:1 | Killed Boris
 45238 | Vaults:2 | Reached skill level 10 in Throwing
 46241 | Vaults:2 | Reached XP level 20. HP: 140/142 MP: 25/25
 46467 | Vaults:3 | Noticed Mara
 46492 | Vaults:3 | Noticed Hi5aMiFi's illusion
 46492 | Vaults:3 | Killed Mara
 46767 | Vaults:3 | Found a staircase to the Crypt.
 47776 | Vaults:3 | Noticed Norris
 47801 | Vaults:3 | Killed Norris
 48696 | Vaults:4 | Found a large runed translucent door.
 48696 | Vaults:4 | Found a large runed translucent door.
 48696 | Vaults:4 | Found a large runed translucent door.
 48696 | Vaults:4 | Found a large runed translucent door.
 48696 | Vaults:4 | Found a large runed translucent door.
 48696 | Vaults:4 | Found a large runed translucent door.
 48696 | Vaults:4 | Found a large runed translucent door.
 48696 | Vaults:4 | Found a large runed translucent door.
 48696 | Vaults:4 | Noticed Vatovie's ghost (veteran MiFi)
 49025 | Vaults:4 | Found a transporter.
 49055 | Vaults:4 | Found a transporter.
 49409 | Vaults:4 | Reached XP level 21. HP: 151/151 MP: 26/26
 50700 | Orc:2    | Upgraded the game from 0.31.0 to 0.31.0-2-g5a2aebc5c2
 50701 | Elf:1    | Entered Level 1 of the Elven Halls
 50839 | Elf:1    | Noticed Jorgrun
 50857 | Elf:1    | Killed Jorgrun
 51365 | Elf:1    | Found Comeosh's Jewellery Boutique.
 51378 | Elf:1    | Found Getookko's Book Emporium.
 51379 | Elf:1    | Found Jackapla's Jewellery Shop.
 51380 | Elf:1    | Found Cialagim's Book Emporium.
 51391 | Elf:1    | Bought a ring of willpower for 325 gold pieces
 51825 | Elf:2    | Identified the -2 helmet "Xuisuag" {Int+2}
 52117 | Elf:2    | Found a runed translucent gate.
 52118 | Elf:2    | Found a runed translucent gate.
 52118 | Elf:2    | Found a runed translucent gate.
 53181 | Elf:3    | Entered Level 3 of the Elven Halls
 53351 | Elf:3    | Identified the +0 leather armour of the Sailor {Harm rF-
                  | rCorr Slay+2}
 53998 | Elf:3    | Reached XP level 22. HP: 160/160 MP: 27/27
 54692 | Elf:3    | Identified the +0 robe "Zuecaz" {Harm rPois SInv}
 54831 | Elf:3    | Identified the +6 quarterstaff of Judgement {pain, rN+
                  | Str+5 SInv}
 54858 | Elf:3    | Identified the staff of Pimics {rElec Stlth+ Air Earth}
 54892 | Elf:3    | Identified the ring "Nomioho" {Will+ Int+4}
 54909 | Elf:3    | Got the Dissertation on Mercurial Grit
 54910 | Elf:3    | Identified the staff of the Vendetta {rC+ Dex+3 Fire Ice}
 54914 | Elf:3    | Identified the +0 morningstar of Theory {distort, *Corrode
                  | MP+9 Int+3 Dex+3}
 54919 | Elf:3    | Identified the +5 spear "Zampuic" {distort, ^Drain rElec
                  | MP+9 Int-4}
 54960 | Elf:3    | Got Agingyni's Anthology of the Endless Beggars
 55461 | Crypt:1  | Entered Level 1 of the Crypt
 56301 | Crypt:1  | You are sucked into a shaft and drop 1 floor!
 57732 | Crypt:3  | Entered Level 3 of the Crypt
 57995 | Crypt:3  | Noticed Boris
 58018 | Crypt:3  | Killed Boris
 58154 | Crypt:3  | Reached XP level 23. HP: 143/170 MP: 28/28
 58279 | Crypt:3  | Identified the ring "Cascho Vofuoc" {rElec rN+ Int-3 Dex-4
                  | Slay+6}
 58300 | Crypt:3  | Noticed a curse toe
 58313 | Crypt:3  | Killed a curse toe
 58489 | Crypt:3  | Found a staircase to the Tomb.
 58574 | Crypt:3  | Noticed Bai Suzhen
 58605 | Crypt:3  | Killed Bai Suzhen
 58964 | Crypt:3  | Noticed a dread lich
 58964 | Crypt:3  | Noticed a dread lich
 59198 | Crypt:3  | Identified the ring "Cayvoubu" {^Drain rF+ rN+ Int+5}
 59198 | Crypt:3  | Identified the ring of Egocs {rPois rF+ rN+ Str+4 Int-4}
 59300 | Crypt:3  | Killed a dread lich
 59440 | Crypt:3  | Killed a dread lich
 59566 | Crypt:3  | Identified the staff "Ozapesti" {Int+5 Dex-5 Earth}
 59567 | Crypt:3  | Identified the +0 scale mail of the Slightly Bent {Dex+7
                  | Stlth-}
 59574 | Crypt:3  | Identified the staff of Nusseg {rC+ rN+ Will+ Necro
                  | Alchemy}
 59576 | Crypt:3  | Got the Opusculum on Bones
 60107 | Elf:1    | Bought the ring "Ippel" {rPois rCorr Str+4} for 533 gold
                  | pieces
 60305 | Depths:1 | Entered Level 1 of the Depths
 60406 | Depths:1 | Found an iron altar of Okawaru.
 60477 | Depths:1 | Found a flickering gateway to a bazaar.
 60520 | Bazaar   | Entered a bazaar
 60523 | Bazaar   | Found Popiej's Distillery.
 60561 | Bazaar   | Found Nuuklun's Distillery.
 60561 | Bazaar   | Found Qiqam's Armour Boutique.
 60590 | Bazaar   | Found Micyage's Magic Scroll Boutique.
 60624 | Bazaar   | Bought a scroll of blinking for 135 gold pieces
 60624 | Bazaar   | Bought a scroll of teleportation for 54 gold pieces
 60624 | Bazaar   | Bought a scroll of teleportation for 54 gold pieces
 60637 | Bazaar   | Bought a potion of heal wounds for 60 gold pieces
 60637 | Bazaar   | Bought a potion of might for 48 gold pieces
 60637 | Bazaar   | Bought a potion of heal wounds for 60 gold pieces
 60637 | Bazaar   | Bought a potion of might for 48 gold pieces
 60637 | Bazaar   | Bought a potion of haste for 120 gold pieces
 60655 | Bazaar   | Bought a potion of heal wounds for 60 gold pieces
 60661 | Bazaar   | Bought the +3 Mad Mage's Maulers {Infuse+∞ VampMP -Cast}
                  | for 600 gold pieces
 60661 | Bazaar   | Found the +3 Mad Mage's Maulers {Infuse+∞ VampMP -Cast}
 60677 | Bazaar   | Bought 2 potions of enlightenment for 120 gold pieces
 60696 | Bazaar   | Bought a scroll of revelation for 135 gold pieces
 60709 | Bazaar   | Bought a potion of lignification for 36 gold pieces
 60858 | D:13     | You paid a toll of 12 potions of heal wounds to enter a
                  | treasure trove
 60859 | Trove    | Entered a treasure trove
 60871 | Trove    | Identified the ring of Myrchot {Fly rC+ Str+6 Dex-4 SInv}
 60873 | Trove    | Identified the ring "Odorof" {rN++ Str+6 Int+3}
 60875 | Trove    | Identified the amulet of Anarchy {Acrobat rElec rC- Str+3
                  | Int+2}
 60877 | Trove    | Identified the ring "Imomu" {rN+ Will+ MP+9 EV+5}
 60879 | Trove    | Identified the ring "Orphaz" {rPois rN+ Will+ AC+4 Str+2}
 60881 | Trove    | Identified the amulet of Haehau Jeful {Reflect rF+ rC-
                  | Will+ SH+5}
 60885 | Trove    | Identified the ring "Cauziy" {rC+ Dex+3}
 60887 | Trove    | Identified the ring "Cicirik" {Will- MP+9 Dex+5}
 61168 | Vaults:4 | Killed Vatovie's ghost
 61433 | Depths:1 | Found a one-way gate to the infinite horrors of the Abyss.
 61874 | Depths:1 | Noticed Asterion
 61876 | Depths:1 | Noticed Sojobo
 61898 | Depths:1 | Killed Sojobo
 61909 | Depths:1 | Killed Asterion
 62608 | Depths:1 | Found a gateway to Hell.
 63395 | Depths:2 | Found a one-way gateway to a ziggurat.
 63395 | Depths:2 | Found a one-way gate leading to the halls of Pandemonium.
 64815 | Depths:3 | Found Aceodgha's Weapon Emporium.
 64883 | Depths:3 | Noticed Boris
 65151 | Depths:2 | Killed Boris
 65491 | Depths:3 | Reached XP level 24. HP: 173/180 MP: 2/28
 65584 | Depths:3 | Identified the ring of the Present {Ice ^Contam rPois Str+3
                  | SInv}
 65584 | Depths:3 | Noticed Josephina
 65586 | Depths:2 | Identified the ring of Xom's Fair Game {Fire MP+9 Str+2}
 65605 | Depths:2 | Reached skill level 27 in Fighting
 65855 | Depths:2 | You are sucked into a shaft and drop 1 floor!
 65863 | Depths:3 | Noticed an ancient lich
 65877 | Depths:3 | Killed an ancient lich
 66012 | Depths:3 | Found Lupen's Book Boutique.
 66471 | Depths:3 | Killed Josephina
 67573 | Depths:3 | Found Muwau's Distillery.
 67581 | Depths:3 | Bought 2 potions of heal wounds for 220 gold pieces
 67905 | Depths:3 | Found a sparkling altar of Nemelex Xobeh.
 68074 | Depths:3 | Noticed an ancient lich
 68094 | Depths:3 | Killed an ancient lich
 68244 | Depths:4 | Entered Level 4 of the Depths
 68397 | Depths:4 | Found a shadowy altar of Dithmenos.
 68444 | Depths:4 | Found Apsui's General Store.
 68446 | Depths:4 | Found Himudes's Magic Scroll Emporium.
 68448 | Depths:4 | Found Apeezi's Antique Armour Shoppe.
 68454 | Depths:4 | Bought a scroll of blinking for 172 gold pieces
 68456 | Depths:4 | Bought a scroll of revelation for 112 gold pieces
 68663 | Depths:4 | Reached skill level 5 in Evocations
 69113 | Depths:4 | Found a gate to the Realm of Zot.
 69315 | Depths:4 | Bought a scroll of blinking for 112 gold pieces
 70481 | Vaults:4 | Identified the staff "Yleog" {rElec rN+ Str+4 Dex-3 Necro
                  | Air}
 70484 | Vaults:4 | Identified the ring "Fyevid" {rElec rF- Will+ Str+3 Int+6}
 70486 | Vaults:4 | Identified the ring of Xom's Whim {rF- rN+ Will+ Stlth+}
 70497 | Vaults:4 | Identified the ring of the Skies Above {Fire Int-5 Slay+6
                  | SInv Stlth-}
 70663 | Vaults:5 | Entered Level 5 of the Vaults
 71478 | Vaults:5 | Reached XP level 25. HP: 187/187 MP: 2/28
 71796 | Vaults:5 | Got a silver rune of Zot
 72117 | Vaults:5 | Noticed a dread lich
 72129 | Vaults:5 | Killed a dread lich
 72255 | Vaults:5 | Identified the ring "Serph" {*Corrode Fly rF- rC+++ SInv}
 72616 | Vaults:5 | Identified the +2 plate armour "Qagol" {*Slow rC+ Int+2
                  | Dex+2}
 72616 | Vaults:5 | Identified the ring of the Kangaroo {Fire Fly rCorr Int+2}
 72631 | Vaults:5 | Identified the +2 battleaxe of Kifrul {spect, rN+ Str+3}
 73061 | Vaults:5 | Noticed an ancient lich
 73074 | Vaults:5 | Killed an ancient lich
 73316 | Vaults:5 | Got the Directory of Planar Frost
 73334 | Vaults:5 | Identified the +1 leather armour of the Ninety-Nine Stars
                  | {-Cast rN++ Regen+}
 74111 | Vaults:5 | Identified the ring "Reni" {Wiz *Slow rC+ Str+3}
 75019 | Slime:1  | Entered Level 1 of the Pits of Slime
 75640 | Slime:3  | Noticed Dissolution
 75645 | Slime:3  | Killed Dissolution
 76045 | Slime:5  | Entered Level 5 of the Pits of Slime
 78135 | Slime:5  | Noticed the Royal Jelly
 78208 | Slime:5  | Reached XP level 26. HP: 193/193 MP: 1/28
 78329 | Slime:5  | Killed the Royal Jelly
 78730 | Slime:5  | Got a slimy rune of Zot
 78732 | Slime:5  | Identified the +1 great sword of Rewurott {spect, Will+
                  | rCorr}
 78737 | Slime:5  | Identified the +8 bardiche of Durystrun {flame, rF+ Will++
                  | Dex-5}
 78751 | Slime:5  | Identified the +4 hand axe "Pewnera" {freeze, Will+ Str-2
                  | Dex+8}
 78972 | Slime:5  | Identified the +4 scale mail of Amorality {rF++ rN+}
 78998 | Slime:5  | Identified the +1 scimitar "Acoag" {flame, +Blink rPois
                  | SInv}
 79531 | Zot:1    | Entered Level 1 of the Realm of Zot
 80950 | Zot:1    | Found a transporter.
 80954 | Zot:1    | Noticed Jofris Vesimp's ghost (legendary GnFE)
 80954 | Zot:1    | Noticed a shard shrike
 80957 | Zot:1    | Noticed a shard shrike
 80967 | Zot:1    | Found a transporter.
 80982 | Zot:1    | Reached skill level 27 in Shields
 81839 | Orc:1    | Bought 3 potions of magic for 360 gold pieces
 83193 | Zot:2    | Noticed Vv
 83212 | Zot:2    | Killed Vv
 83328 | Zot:2    | Identified the amulet of Ru's Condemnation {Acrobat rN+
                  | Str+4 Dex-2 Slay+6}
 83411 | Zot:2    | Found the +4 dragonskin cloak
 83411 | Zot:2    | Noticed Tiamat
 83460 | Zot:2    | Found an iron altar of Okawaru.
 83493 | Zot:2    | Killed Tiamat
 83780 | Zot:2    | Noticed a Killer Klown
 83804 | Zot:2    | Killed a Killer Klown
 84205 | Zot:2    | Noticed an orb of fire
 84207 | Zot:2    | Gained mutation: You have hidden genetic defects. [an orb
                  | of fire]
 84212 | Zot:2    | Killed an orb of fire
 84213 | Zot:2    | Lost mutation: You have hidden genetic defects. [potion of
                  | mutation]
 84213 | Zot:2    | Gained mutation: You are covered in fur. (AC +1) [potion of
                  | mutation]
 84213 | Zot:2    | Gained mutation: You are partially covered in iridescent
                  | scales. (AC +2) [potion of mutation]
 84213 | Zot:2    | Gained mutation: You passively map a small area around you.
                  | [potion of mutation]
 86642 | Zot:4    | Reached skill level 15 in Throwing
 86658 | Zot:4    | Reached XP level 27. HP: 199/199 MP: 3/28
 88827 | Zot:4    | Noticed an orb of fire
 88833 | Zot:4    | Gained mutation: You are dopey. (Int -2) [an orb of fire]
 88834 | Zot:4    | Killed an orb of fire
 90592 | Depths:3 | Voluntarily entered the Abyss.
 90592 | Abyss:1  | Found a corrupted altar of Lugonu.
 90703 | Abyss:1  | Found a corrupted altar of Lugonu.
 90906 | Abyss:3  | Found a corrupted altar of Lugonu.
 90937 | Abyss:3  | Got an abyssal rune of Zot
 91134 | Depths:3 | Escaped the Abyss
 91295 | Zot:5    | Entered Level 5 of the Realm of Zot
 91955 | Zot:5    | Got the Collected Works on the Band and Glaciation
 92547 | Zot:5    | Reached skill level 10 in Evocations
 93117 | Zot:5    | Noticed an orb of fire
 93129 | Zot:5    | Killed an orb of fire
 93261 | Zot:5    | Identified the ring "Ekly" {rN+ Str+4 Int+5 SInv}
 93480 | Zot:5    | Noticed an orb of fire
 93491 | Zot:5    | Killed an orb of fire
 93492 | Zot:5    | Noticed a dread lich
 93511 | Zot:5    | Noticed an orb of fire
 93514 | Zot:5    | Killed a dread lich
 93520 | Zot:5    | Killed an orb of fire
 93712 | Zot:5    | Noticed an orb of fire
 93713 | Zot:5    | Gained mutation: You are clumsy. (Dex -2) [an orb of fire]
 93727 | Zot:5    | Killed an orb of fire
 94147 | Zot:5    | Noticed a dread lich
 94156 | Zot:5    | Killed a dread lich
 95892 | Zot:5    | Noticed an orb of fire
 95893 | Zot:5    | Noticed an orb of fire
 95906 | Zot:5    | Killed an orb of fire
 95908 | Zot:5    | Noticed a dread lich
 95912 | Zot:5    | Killed an orb of fire
 95916 | Zot:5    | Noticed an orb of fire
 95920 | Zot:5    | Killed a dread lich
 95942 | Zot:5    | Killed an orb of fire
 95943 | Zot:5    | Reached skill level 15 in Evocations
 96093 | Zot:5    | Gained mutation: You occasionally lose the ability to read
                  | scrolls when taking damage. [mutagenic glow]
 96103 | Zot:5    | Lost mutation: You passively map a small area around you.
                  | [potion of mutation]
 96103 | Zot:5    | Lost mutation: You occasionally lose the ability to read
                  | scrolls when taking damage. [potion of mutation]
 96103 | Zot:5    | Lost mutation: You are dopey. (Int -2) [potion of mutation]
 96103 | Zot:5    | Gained mutation: You are frail. (-10% HP) [potion of
                  | mutation]
 96103 | Zot:5    | Gained mutation: You occasionally lose the ability to drink
                  | potions when taking damage. [potion of mutation]
 96104 | Zot:5    | Lost mutation: You occasionally lose the ability to drink
                  | potions when taking damage. [potion of mutation]
 96104 | Zot:5    | Lost mutation: You are covered in fur. (AC +1) [potion of
                  | mutation]
 96104 | Zot:5    | Lost mutation: You are frail. (-10% HP) [potion of
                  | mutation]
 96104 | Zot:5    | Gained mutation: You passively map a small area around you.
                  | [potion of mutation]
 96104 | Zot:5    | Gained mutation: Your mind is acute. (Int +4, Str/Dex -1)
                  | [potion of mutation]
 96104 | Zot:5    | Gained mutation: You possess an exceptional clarity of
                  | mind. [potion of mutation]
 96541 | Zot:5    | Got the Orb of Zot
 96773 | Depths:1 | Noticed a seraph
 96836 | D:13     | Noticed Ricanigi the pandemonium lord
 97092 | D:$      | Escaped with the Orb!

Illustrated notes

Levels and vault maps discovered:
D:1:      kb_arrival_jail, layout_basic
D:2:      layout_basic, basic_altar, uniq_natasha, uniq_sigmund, uniq_terence
D:3:      layout_loops_ring, ebering_ghost_sewer_d,
          dreamdust_ecumenical_altar_angels_and_demons, minmay_misc_feat_tower,
          small_statue_intersection, kennysheep_decorative_pillar, uniq_robin
D:4:      layout_loops_corners, kennysheep_mini
D:5:      layout_loops_ring, temple_pool_b, gup_sewer_entry_spiral,
          serial_shops, nicolae_shop_stone, lightli_minifort
D:6:      wad_pebble_path, layout_basic, nicolae_ashenzari_panopticon,
          serial_shops, nicolae_shop_industrial_runoff, uniq_jeremiah
D:7:      layout_basic, elyvilon_altar_3, mainiacjoe_overflow_cross_hatched,
          nicolae_overflow_crystal_walls
D:8:      minmay_the_grid_octo_tiled_squarecenter
          [minmay_the_grid_octo_tetromino_candy, minmay_the_grid_octo_shrine,
          minmay_the_grid_octo_toaster, minmay_the_grid_octo_vomiting_pacman,
          minmay_the_grid_square_5x5_megaprize_hollow,
          minmay_the_grid_square_5x5_detours,
          minmay_the_grid_square_5x5_minivault,
          minmay_the_grid_square_5x5_percent, minmay_the_grid_square_5x5_inset],
          layout_loops_ring, nicolae_ru_sacrificial_ziggurat,
          kennysheep_generic_room_7
D:9:      layout_rooms, fedhas_altar_4, lemuel_crystal_altar, vehumet_crystals,
          uniq_grum
D:10:     layout_roguey
D:11:     layout_long_grid, orc_david_3
D:12:     layout_stronghold, serial_shops, nicolae_shop_bloodbath_and_beyond
D:13:     layout_irregular_city, nicolae_trove_entry_isolated, serial_shops,
          nicolae_shop_window_shopping, minmay_fountain_box
D:14:     minmay_box_of_curves, layout_irregular_city, david_vaults_4,
          minmay_misc_feat_roman, nicolae_elevator_lobby_asterisk, uniq_louise
D:15:     grunt_enter_depths_giant_problem, layout_loops_ring,
          nicolae_twisty_statue_hallways, nicolae_transporter_circle
Lair:1:   gammafunk_cloud_chamber, layout_long_grid,
          portal_ice_cave_entry_ice_simulacra
Lair:2:   layout_hall_layers, bobbens_dragon_lair_wall
Lair:3:   cheibrodos_magma_flow, layout_big_grid, swamp_mist_pool,
          hellmonk_spider_entry_not_the_bees, hellmonk_guarded_unrand_vines,
          uniq_nessos
Lair:4:   layout_cave_pods, infiniplex_staircase_pool, lemuel_fruit_tree,
          grunt_megastairs_4, lemuel_fruit_fields
Lair:5:   hangedman_lair_in_review, layout_gridlike,
          minmay_slime_entry_oklob_enclosed, grunt_forest_stairs_basic
Swamp:1:  nicolae_swamp_flooded_prison, layout_basic_swamp,
          nicolae_swamp_tree_designs
Swamp:2:  nzn_winding_woodlands_small [nzn_winding_woodlands_5x15_twine,
          nzn_winding_woodlands_center_diamonds,
          nzn_winding_woodlands_5x15_garden], layout_basic_swamp,
          hangedman_swamp_cone, nicolae_swamp_trees_clearing, swamp_pool_3,
          nicolae_swamp_necromancy_gone_wrong, infiniplex_staircase_pool_2
Swamp:3:  layout_falls_marsh, hangedman_swamp_blocks,
          nicolae_swamp_tree_isthmus, uniq_roxanne
Swamp:4:  swamp_basic_johnstein, layout_basic_swamp
Spider:1: layout_spider_delve, drop_trap, nicolae_spider_rock_and_or_roll
Spider:2: layout_spider_delve, uniq_mlioglotl, uniq_azrael
Spider:3: layout_spider_delve, uniq_nikola, uniq_arachne
Spider:4: hellmonk_spider_rune_endless_swarm
Slime:1:  layout_caves
Slime:2:  layout_caves, basic_altar, cheibrodos_slime_lost_civilization_5
Slime:3:  layout_caves, dissolution_awaits
Slime:4:  layout_caves
Slime:5:  slime_pit_nicolae_amoeboid
Orc:1:    layout_diamond_mine, basic_altar, serial_shops, nicolae_diamond_shop,
          shop, nicolae_shop_behind_doors
Orc:2:    st_orc_pillars, layout_caves, minmay_orc_temple_c, uniq_saint_roka,
          uniq_snorg
Elf:1:    nicolae_elf_arrival_fired_up, layout_geoelf_grid, serial_shops, shop,
          nicolae_elf_shapeshifter_party, minmay_shop_grove, uniq_jorgrun
Elf:2:    nicolae_elf_blades_crystal_corner, layout_geoelf_octagon,
          lemuel_elevator
Elf:3:    elf_hall, layout_loops_ring
Vaults:1: hangedman_vaults_locks, grunt_vaults_twisty, v_misc_9,
          ontoclasm_vaults_eye, v_misc_4, vaults_room_corners,
          nicolae_vaults_double_plus_1, vaults_room_stairs_pillars,
          nicolae_vaults_rhombus_7, nicolae_vaults_trapezoid_lopsided_1,
          blackcustard_rock_pile, layout_vaults_maze, uniq_boris, uniq_aizul
Vaults:2: v_rooms_3, vaults_room_ringed_pool, ontoclasm_vaults_idyll,
          vaults_dpeg_emergency_exit, grunt_vaults_funnel, nicolae_vaults_heist,
          hangedman_vaults_variations, grunt_vaults_bifocal,
          nicolae_vaults_ring_of_whatevers, nicolae_vaults_tetromino_T_1,
          grunt_vaults_hallway_long, nicolae_vaults_trapezoid_layered,
          layout_vaults_ring
Vaults:3: minmay_crypt_entry_skeletal_spiral, vaults_room_corners, v_rooms_5,
          vaults_dpeg_spiral, nicolae_vaults_surprise_closet, vaults_room_boxed,
          ontoclasm_vaults_gallery, nicolae_vaults_door_testing_chamber,
          vaults_dpeg_doors, nicolae_vaults_closet_pinwheel_6,
          layout_vaults_omnigrid, uniq_norris, uniq_mara
Vaults:4: advil_vaults_ghost_lines, gammafunk_its_a_trap,
          nicolae_vaults_three_branches, nicolae_vaults_storage_room_statues,
          hangedman_vaults_corner, v_misc_10, nicolae_vaults_double_plus_1,
          v_alt_pattern_2, nicolae_vaults_storage_closets_1,
          nicolae_vaults_lightning_bolt, nicolae_vaults_mini_display_case,
          vaults_dpeg_hooks, serial_ice_h, layout_vaults_omnicross
Vaults:5
Crypt:1:  layout_misc_corridors, grunt_crypt_arrival_split
Crypt:2:  layout_regular_city, uniq_grunn
Crypt:3:  david_glass_crypt, layout_rooms, nicolae_tomb_entry_grand_gallery,
          serial_library_regret_index_closets, grunt_megastairs_3,
          uniq_bai_suzhen
Depths:1: layout_cave_pools, lightli_too_deep, nicolae_integral_box,
          serial_shops, bzr_in_the_mist, abyss_entry_crystal, okawaru_trees_2,
          serial_bayou_shore_b, uniq_asterion, uniq_sojobo
Depths:2: minmay_inside_and_out, layout_twisted_cross, enter_ziggurat_e,
          pan_entry, abyss_entry_small_statue_room,
          serial_library_hellmonk_h_bend, pf_hell_entry_tar_spiral,
          infiniplex_staircase_door_maze, serial_bayou_shore_b
Depths:3: kennysheep_oblong_rooms, layout_cave_pools, abyss_entry, hell_entry,
          special_room [special_room_morgue], grunt_pan_entry_spiral,
          serial_shops, nicolae_book_shop_shelving, nicolae_inconvenience_store,
          shop, serial_co_window_serial, co_window_paths_a, co_window_corner_a,
          co_window_paths_a, co_window_corner_a, co_window_corner_a,
          co_window_2corner, co_window_corner_b, co_window_of_opportunity_b,
          co_window_2corner, co_window_corner_b, glass_columns_c,
          glass_columns_a, nemelex_diamond_rough_becter,
          infiniplex_staircase_zigzag_4, uniq_josephina
Depths:4: grunt_zot_entry_alcove, layout_gridlike, grunt_dithmenos_smoke,
          hell_entry, serial_bayou_shore_b, serial_bayou_shore_b,
          minmay_shop_star, serial_bayou_shore_b
Zot:1:    layout_twisted_circle, gammafunk_ghost_berserking_beasts,
          regret_index_zotdec_barnacled_alternative
Zot:2:    layout_gridlike, regret_index_zotdec_fiery_em, grunt_megastairs_2,
          uniq_tiamat, uniq_vv
Zot:3:    layout_onion, st_stairs_12, grunt_ministairs_7,
          hangedman_snake_sidewinding
Zot:4:    hangedman_zot_vaults_quadrants, layout_cathedral_of_symmetry
Zot:5:    layout_onion

Skill      XL: |  1  2  3  4  5  6  7  8  9 10 11 12 13 14 15 16 17 18 19 20 21 22 23 24 25 26 27 |
---------------+----------------------------------------------------------------------------------+-----
Summonings     | 4 5 6 7 |  7.0
Spellcasting   | 3 |  3.8
Fire Magic     | 1 3 4 5 |  5.9
Fighting       | 1 2 4 5 8 11 14 16 17 19 20 22 23 25 26 27 | 27.0
Polearms       | 1 2 4 8 9 11 12 13 14 | 14.3
Armour         | 2 5 7 8 10 11 15 16 18 19 20 21 23 25 | 25.0
Shields        | 4 5 11 15 16 17 18 19 21 23 25 26 27 | 27.0
Throwing       | 1 3 4 5 6 10 11 15 16 | 16.5
Evocations     | 3 7 8 15 | 15.0
Dodging        | 3 5 |  5.0
Stealth        | |  2.1

Action                     |  1- 3 |  4- 6 |  7- 9 | 10-12 | 13-15 | 16-18 | 19-21 | 22-24 | 25-27 || total
---------------------------+-------+-------+-------+-------+-------+-------+-------+-------+-------++-------
  Melee: Whip              |    12 |    10 |       |       |       |       |       |       |       ||    22
         Halberd           |       |       |    62 |       |       |       |       |       |       ||    62
         Trident           |       |       |    58 |   586 |  1833 |  2292 |  2447 |       |       ||  7216
         Demon trident     |       |       |       |       |       |       |   130 |  2690 |  2627 ||  5447
  Throw: Dart              |     2 |     1 |     4 |    33 |    72 |    23 |     5 |       |       ||   140
         Stone             |       |       |       |    11 |     5 |       |       |       |       ||    16
         Boomerang         |       |       |       |       |    92 |    42 |    39 |    82 |    89 ||   344
         Javelin           |       |       |       |       |       |       |     3 |     6 |    38 ||    47
         Throwing net      |       |       |       |       |       |       |       |     5 |     1 ||     6
   Cast: Summon Small Mamm |    55 |    32 |    39 |       |       |       |       |       |       ||   126
         Call Imp          |    34 |    40 |    94 |     9 |       |       |       |       |       ||   177
         Call Canine Famil |     2 |    11 |    44 |     9 |       |       |       |       |       ||    66
         Summon Blazeheart |       |       |    13 |    14 |       |       |       |       |       ||    27
 Invoke: Foxfire Swarm     |       |       |     1 |     1 |       |       |     1 |       |       ||     3
         Rising Flame      |       |       |     1 |       |       |       |       |       |       ||     1
         Fiery Armour      |       |       |       |       |     2 |       |     2 |     1 |     2 ||     7
  Evoke: Wand              |       |       |     3 |    11 |     8 |    13 |     2 |       |    23 ||    60
         Sack of spiders   |       |       |       |       |     3 |     3 |     1 |     1 |     2 ||    10
         Lightning rod     |       |       |       |       |     4 |     1 |       |       |       ||     5
         Phantom mirror    |       |       |       |       |     1 |     3 |     3 |       |     1 ||     8
         Phial of floods   |       |       |       |       |       |       |     1 |       |       ||     1
    Use: Scroll            |     2 |     2 |    16 |    16 |    13 |    14 |    13 |    15 |    18 ||   109
         Potion            |     1 |     1 |       |     4 |    13 |    17 |     5 |    11 |    23 ||    75
   Stab: Sleeping          |       |       |     2 |       |       |       |       |       |       ||     2
         Distracted        |       |       |     3 |     1 |       |       |     2 |     2 |       ||     8
         Paralysed         |       |       |     3 |     5 |     6 |       |     4 |       |     3 ||    21
         Fleeing           |       |       |       |       |     1 |       |       |       |       ||     1
         Invisible         |       |       |       |       |     9 |     5 |       |     1 |       ||    15
         Held in net/web   |       |       |       |       |       |       |       |     2 |       ||     2
 Armour: Robe              |    13 |     9 |    45 |       |       |       |       |       |       ||    67
         Animal skin       |       |       |    46 |    14 |       |       |       |       |       ||    60
         Plate armour      |       |       |       |   385 |  1273 |  1723 |   920 |  1160 |  1063 ||  6524
  Dodge: Dodged            |    14 |    15 |    96 |    91 |   256 |   324 |   219 |   282 |   306 ||  1603
         Repelled          |       |       |     2 |     6 |    12 |       |     7 |       |       ||    27
  Block: Buckler           |       |       |       |   104 |   232 |       |       |       |       ||   336
         Tower shield      |       |       |       |       |   448 |  2262 |  1575 |  2209 |  2090 ||  8584
